 Dungeon Crawl Stone Soup version 0.29.1-2-gbd0b4ee654 (webtiles) character file.

Game seed: 520944462805632915

1157 Icepheonix32 the Changer (level 7, -5/61 HPs)
             Began as a Demigod Transmuter on Nov 4, 2022.
             Splashed by a jelly's acid (9 damage)
             ... on level 6 of the Dungeon.
             The game lasted 00:07:28 (6151 turns).

Icepheonix32 the Changer (Demigod Transmuter)       Turns: 6151, Time: 00:07:29

Health: -5/61      AC: -4    Str: 11    XL:     7   Next: 94%
Magic:  13/15      EV: 10    Int: 29    God:
Gold:   136        SH:  0    Dex: 14    Spells: 2/12 levels left

rFire   x . .      SeeInvis .     - Unarmed
rCold   + + +      Faith    .   (shield currently unavailable)
rNeg    . . .      Spirit   .   (body armour currently unavailable)
rPois   +          Reflect  .   (helmet currently unavailable)
rElec   .          Harm     .   (cloak currently unavailable)
rCorr   .          Rampage  .   (gloves currently unavailable)
Will    .....                   (boots currently unavailable)
Stlth   +.........              r - amulet of the acrobat
HPRegen 0.20/turn               o - ring of wizardry
MPRegen 0.14/turn               y - +6 ring of intelligence

@: ice-form, corroded
A: freezing attack, amphibious, boosted hp, large, high MP 1, forlorn, divine
attributes
a: End Transformation


You were on level 6 of the Dungeon.
You were a creature of crystalline ice.
You visited 1 branch of the dungeon, and saw 6 of its levels.

You collected 226 gold pieces.
You spent 90 gold pieces at shops.

Inventory:

Missiles
 b - 10 poisoned darts
 e - a throwing net
Armour
 a - a +0 robe (melded)
 s - an orb of guile
 t - a +0 helmet (melded)
Jewellery
 o - a ring of wizardry (left front paw)
 r - an amulet of the acrobat (around neck)
 y - a +6 ring of intelligence (right front paw)
 C - a ring of see invisible
Wands
 u - a wand of iceblast (3)
 v - a wand of digging (7)
Scrolls
 c - 9 scrolls of identify {unknown}
 d - a scroll of brand weapon {unknown}
 g - 2 scrolls of teleportation {unknown}
 h - 3 scrolls of enchant armour {unknown}
 j - a scroll of summoning {unknown}
 m - a scroll of amnesia {unknown}
 p - a scroll of noise {unknown}
 w - a scroll of fog {unknown}
 A - a scroll of vulnerability {unknown}
 B - a scroll of silence {unknown}
Potions
 f - a potion of degeneration {unknown}
 i - a potion of berserk rage {unknown}
 k - 2 potions of might {unknown}
 l - a potion of ambrosia {unknown}
 n - a potion of cancellation {unknown}
 q - a potion of resistance {unknown}
 x - a potion of attraction {unknown}


   Skills:
 - Level 0.8 Fighting
 * Level 3.2 Dodging
 + Level 5.1 Unarmed Combat
 * Level 3.3 Spellcasting
 * Level 5.6 Transmutations
 * Level 0.8 Ice Magic
 + Level 3.0 Poison Magic


You had 2 spell levels left.
You knew the following spells:

 Your Spells              Type           Power      Damage    Failure   Level
a - Beastly Appendage     Tmut           74%        N/A       1%          1
b - Spider Form           Tmut/Pois      30%        N/A       1%          3
c - Wereblood             Tmut           37%        N/A       1%          2
d - Ice Form              Ice/Tmut       23%        N/A       8%          4

Your spell library contained the following spells:

 Spells                   Type           Power      Damage    Failure   Level
 Apportation              Tloc           8%         N/A       3%          1
 Necrotise                Necr           16%        1d4       3%          1
 Summon Small Mammal      Summ           16%        N/A       3%          1
 Call Canine Familiar     Summ           4%         N/A       9%          3
 Dazzling Flash           Conj/Hex       8%         N/A       9%          3
 Summon Guardian Golem    Hex/Summ       4%         N/A       9%          3
 Iskenderun's Mystic Bla  Conj/Tloc      4%         2d3       28%         4
 Starburst                Conj/Fire      2%         6d3       98%         6


Dungeon Overview and Level Annotations

Branches:
Dungeon (6/15)
 Temple: D:4-7

Portals:
Abyss: D:5

Annotations:
D:4 1 runed translucent door, Arctor's ghost, amateur DEHW
D:5 2 transporters, styxcanada's ghost, amateur SpBr


Innate Abilities, Weirdness & Mutations

You are a creature of crystalline ice.
You have a powerful freezing melee attack.
You are amphibious.
Your maximum health is increased.
Your armour is entirely melded.
You are incapable of wielding weapons or throwing items.
You have an increased reservoir of magic. (+10% MP)
You shall have no god before yourself.
Your divine heritage dramatically boosts your attributes as you level up.


Message History

The bullfrog closely misses you. The jelly hits you but does no damage.
You punch the jelly! You freeze the jelly.
You kill the jelly!
The bullfrog closely misses you. The bullfrog hits you.
You closely miss the bullfrog. The bullfrog barely misses you.
You hit the bullfrog but do no damage. The bullfrog misses you.
The bullfrog hits you but does no damage.
You punch the bullfrog!
The bullfrog seems to slow down.
You freeze the bullfrog.
The bullfrog is almost dead.
The bullfrog attacks as you move away! The bullfrog hits you.
The jelly attacks as you move away! The jelly closely misses you.
The bullfrog attacks as you move away! The bullfrog misses you.
You barely miss the bullfrog.
The bullfrog is almost dead.
The bullfrog releases a deep croak.
The bullfrog barely misses you. The jelly hits you. The acid corrodes you!
You are splashed with acid!
Unknown command.
You punch the jelly! You freeze the jelly.
Your front paws burn!
The jelly is moderately wounded.
The bullfrog is no longer moving slowly.
The bullfrog closely misses you. The jelly hits you.
* * * LOW HITPOINT WARNING * * *
The acid corrodes you!
You are splashed with acid.
* * * LOW HITPOINT WARNING * * *
Unknown command.
You punch the jelly! You freeze the jelly.
Your front paws burn!
* * * LOW HITPOINT WARNING * * *
The jelly is almost dead.
The bullfrog hits you.
* * * LOW HITPOINT WARNING * * *
The jelly barely misses you. The bullfrog hits you.
* * * LOW HITPOINT WARNING * * *
You feel better. The bullfrog hits you.
* * * LOW HITPOINT WARNING * * *
The jelly hits you.
* * * LOW HITPOINT WARNING * * *
You are splashed with acid!
You die...

..#### ...... ########
###### ^.###...J..####
........FY.'..#
..##.......##.# #####
#.......##'########....
#................##....
#................##....
#......#)........##....
#......#.........##....
#......#.........'.....
. ...........#..###


You could see a bullfrog and a jelly.

Vanquished Creatures
  Edmund (D:4)
  Duvessa (D:5)
  A black bear (D:6)
  A sky beast (D:6)
  A gnoll sergeant (D:5)
  2 kobold brigands
  2 scorpions
  2 necrophages
  Dowan (D:5)
  A jelly (D:6)
  Jessica (D:3)
  9 gnolls
  5 adders
  2 ufetubi
  3 dart slugs
  2 worms (D:5)
  4 orcs
  5 ball pythons
  2 bats (D:3)
  6 endoplasms
  4 giant cockroaches
  4 goblins (D:1)
  3 hobgoblins
  4 jackals (D:3)
  3 quokkas
  2 frilled lizards
  6 kobolds
  3 rats
81 creatures vanquished.

Notes
Turn   | Place    | Note
-------+----------+-------------------------------------------
     0 | D:1      | Icepheonix32 the Demigod Transmuter began the quest for the
                  | Orb.
     0 | D:1      | Reached XP level 1. HP: 15/15 MP: 5/5
   141 | D:1      | You fall into a shaft and drop 1 floor!
   629 | D:1      | Reached XP level 2. HP: 22/22 MP: 5/7
  1841 | D:3      | Noticed a scorpion
  1882 | D:3      | Noticed Jessica
  1888 | D:3      | Killed Jessica
  1889 | D:3      | Reached XP level 3. HP: 19/27 MP: 6/8
  1906 | D:3      | Learned a level 3 spell: Spider Form
  1909 | D:3      | Learned a level 2 spell: Wereblood
  2153 | D:3      | Killed a scorpion
  2154 | D:3      | Reached skill level 1 in Poison Magic
  2154 | D:3      | Reached XP level 4. HP: 34/34 MP: 3/9
  2583 | D:3      | Reached XP level 5. HP: 39/39 MP: 6/10
  2619 | D:3      | Noticed an ogre
  2755 | D:4      | Noticed Edmund
  2773 | D:4      | Killed Edmund
  2774 | D:4      | Reached XP level 6. HP: 40/46 MP: 9/11
  2928 | D:4      | Found a runed translucent door.
  2928 | D:4      | Noticed Arctor's ghost (amateur DEHW)
  3789 | D:5      | Entered Level 5 of the Dungeon
  3802 | D:5      | Reached skill level 5 in Transmutations
  3834 | D:5      | Noticed Duvessa
  3845 | D:5      | Noticed Dowan
  3848 | D:5      | Killed Duvessa
  3857 | D:5      | HP: 1/46 [Dowan/shard of ice (24)]
  3858 | D:5      | Killed Dowan
  3859 | D:5      | Reached XP level 7. HP: 4/51 MP: 9/13
  4318 | D:5      | Found a transporter.
  5182 | D:5      | Found a transporter.
  5200 | D:5      | Found a one-way gate to the infinite horrors of the Abyss.
  5200 | D:5      | Noticed styxcanada's ghost (amateur SpBr)
  5267 | D:5      | Found Zin's Purification Station.
  5273 | D:5      | Bought a potion of curing for 90 gold pieces
  5621 | D:5      | Learned a level 4 spell: Ice Form
  5896 | D:6      | Reached skill level 5 in Unarmed Combat
  6150 | D:6      | HP: 2/61 [bullfrog (3)]
  6151 | D:6      | Splashed by a jelly's acid

Illustrated notes

Levels and vault maps discovered:
D:1:      wheals_arrival_shading, layout_loops_ring, grunt_decor_arrowhead
D:2:      layout_basic, basic_altar
D:3:      lemuel_castle_with_subvaults [lemuel_castle_interior_carwin_3],
          layout_loops_ring, chequers_ecumenical_altar_simple_redux, hex_tiny,
          uniq_robin, uniq_jessica
D:4:      layout_cave_pools, grunt_temple_overflow_open,
          hellmonk_ghost_happy_afterlife, kennysheep_crisscross, uniq_edmund
D:5:      layout_basic, nicolae_ashenzari_panopticon, zin_purify,
          gammafunk_ghost_abyssal_escape, uniq_duvessa
D:6:      layout_basic, kennysheep_slug_shrine, temple_doors_cd

Skill      XL: |  1  2  3  4  5  6  7 |
---------------+----------------------+-----
Transmutations | 2 3 4 5 |  5.6
Unarmed Combat | 3 4 5 |  5.1
Spellcasting   | 2 3 |  3.3
Dodging        | 2 3 |  3.2
Poison Magic   | 1 2 3 |  3.0
Fighting       | |  0.8
Ice Magic      | |  0.8

Action                   |  1- 3 |  4- 6 |  7- 9 || total
-------------------------+-------+-------+-------++-------
Melee: Unarmed           |    87 |   119 |    91 ||   297
       Headbutt          |    10 |     2 |     2 ||    14
       Kick              |    15 |     1 |     4 ||    20
       Punch             |     3 |       |       ||     3
 Cast: Beastly Appendage |    22 |     4 |     2 ||    28
       Spider Form       |       |    16 |     9 ||    25
       Wereblood         |       |     1 |     1 ||     2
       Ice Form          |       |       |     1 ||     1
  Use: Potion            |     1 |     3 |     3 ||     7
Armor: Robe              |    10 |     8 |     5 ||    23
       Skin              |     7 |     5 |     4 ||    16
Dodge: Dodged            |    45 |    92 |    64 ||   201
